Map: Blackpink LE

Players

Scarlett - Winner!

  • Race: Zerg Zerg
  • League: Master
  • Spawn Location: 7:00

Nerchio

  • Race: Zerg Zerg
  • Spawn Location: 1:00

Event: WESG 2017 Haikou

VOD

Have the link to the VOD?

Description

Time

  • Played on: March 16, 2018, 5:48 a.m.
  • Length: 8:48

All games in this series

Show
View Real Time Build Order
Export as new Build Order

Scarlett Zerg - Winner!

Build Orders: 1 Base Baneling Bust, Pool First 

Get SALT Encoding   

  12  0:00  Drone  
  13  0:11  Extractor  
  12  0:23  Spawning Pool  
  12  0:28  Drone  
  12  0:33  Drone  
  13  0:39  Drone  
  14  0:51  Overlord  
  14  1:10  Zergling x4  
  14  1:11  Zergling x2  
  17  1:12  Metabolic Boost  
  17  1:23  Zergling x2  
  18  1:30  Baneling Nest  
  17  1:33  Zergling x2  
  18  1:44  Zergling x2  
  19  1:50  Queen  
  21  1:56  Zergling x2  
  22  2:04  Overlord  
  22  2:14  Baneling x2  
  21  2:28  Baneling  
  21  2:31  Zergling x4  
  23  2:48  Drone x2  
  24  2:53  Baneling  
  22  3:07  Hatchery  
  22  3:09  Drone  
  22  3:10  Drone  
  23  3:23  Drone x3  
  23  3:29  Baneling  
  23  3:35  Drone  
  23  3:38  Drone x2  
  26  3:46  Queen  
  28  3:53  Overlord  
  28  4:06  Drone  
  29  4:13  Drone x2  
  31  4:20  Drone x2  
  31  4:21  Queen  
  35  4:31  Drone x2  
  37  4:41  Drone x2  
  39  4:51  Hatchery, Drone x2  
  40  4:53  Zergling x2  
  40  4:55  Overlord  
  40  4:58  Drone  
  42  5:00  Drone  
  43  5:08  Evolution Chamber  
  43  5:09  Drone x2  
  44  5:14  Lair  
  44  5:15  Drone  
  44  5:17  Drone  
  46  5:23  Roach Warren  
  46  5:25  Drone  
  46  5:26  Drone  
  47  5:29  Drone  
  47  5:31  Extractor x2  
  47  5:32  Drone  
  46  5:36  Zergling x2  
  46  5:37  Zerg Missile Weapons Level 1  
  46  5:39  Baneling  
  46  5:40  Baneling  
  46  5:42  Drone x2  
  49  5:49  Drone x2  
  51  5:50  Overlord  
  51  5:59  Overlord  
  51  6:02  Drone  
  52  6:05  Roach  
  52  6:06  Roach x2  
  57  6:11  Glial Reconstitution  
  57  6:12  Overlord  
  57  6:13  Roach x2  
  61  6:20  Roach x2  
  65  6:27  Overlord  
  65  6:33  Roach  
  65  6:34  Roach x3  
  65  6:39  Overlord  
  72  6:40  Roach x2  
  72  6:44  Overlord  
  72  6:45  Roach  
  78  6:51  Overlord  
  78  6:53  Roach x2  
  82  6:56  Roach  
  82  6:58  Ravager x3  
  82  7:00  Roach  
  89  7:04  Roach  
  89  7:08  Roach  
  93  7:12  Roach  
  93  7:15  Roach  
  97  7:17  Roach  
  99  7:24  Drone x7  
  99  7:29  Unknown  
  106  7:36  Roach  
  111  7:37  Roach x4  
  101  7:46  Drone x6  
  97  8:00  Roach  
  97  8:01  Roach x2  
  97  8:05  Roach x2  
  107  8:06  Drone x2  
  107  8:07  Drone x3  
  107  8:11  Extractor  
  107  8:12  Extractor, Roach  
  108  8:13  Roach  
  108  8:18  Roach x2  
  107  8:20  Roach  
  107  8:25  Roach  
  111  8:27  Roach  
  111  8:35  Drone  
Show
View Real Time Build Order
Export as new Build Order

Nerchio Zerg 

Build Orders: Pool First 

Get SALT Encoding   

  12  0:00  Drone  
  13  0:12  Overlord  
  13  0:17  Drone  
  14  0:31  Drone x2  
  14  0:35  Drone  
  17  0:44  Spawning Pool  
  17  0:47  Drone  
  17  1:08  Hatchery  
  16  1:11  Drone  
  16  1:15  Extractor  
  16  1:16  Drone  
  17  1:31  Zergling x2, Queen  
  20  1:33  Zergling x2  
  21  1:41  Overlord  
  21  1:51  Zergling x2  
  22  1:55  Spine Crawler  
  22  2:01  Zergling x2  
  22  2:07  Queen  
  24  2:20  Queen  
  26  2:28  Drone  
  26  2:29  Drone  
  28  2:36  Zergling x2  
  28  2:37  Zergling x2  
  30  2:43  Zergling x4  
  28  2:47  Zergling x2  
  27  2:56  Baneling Nest  
  26  2:59  Zergling x2  
  25  3:16  Zergling x2  
  25  3:17  Hatchery  
  25  3:23  Drone x2  
  27  3:35  Baneling Nest, Hatchery  
  25  3:45  Queen  
  27  3:59  Drone  
  27  4:00  Drone x2  
  30  4:07  Overlord  
  30  4:14  Metabolic Boost  
  29  4:22  Baneling  
  29  4:23  Drone  
  30  4:25  Drone x2  
  32  4:35  Drone  
  33  4:44  Drone  
  34  4:47  Drone  
  34  4:52  Drone x2  
  37  4:53  Drone  
  37  4:58  Drone x2, Baneling  
  40  5:11  Drone x2  
  42  5:19  Hatchery, Overlord  
  41  5:26  Zergling x6  
  44  5:29  Overlord  
  43  5:40  Drone x4  
  47  5:44  Evolution Chamber  
  47  5:48  Roach Warren, Drone x3  
  48  5:50  Drone  
  49  5:59  Drone  
  49  6:00  Drone x3  
  49  6:02  Lair  
  49  6:03  Extractor, Drone  
  53  6:07  Extractor  
  53  6:10  Zerg Missile Weapons Level 1  
  52  6:11  Drone  
  52  6:12  Drone  
  53  6:25  Drone x2  
  55  6:26  Drone, Overlord  
  55  6:28  Drone x2  
  55  6:29  Drone x2  
  55  6:31  Overlord  
  60  6:34  Overlord  
  60  6:37  Drone  
  61  6:43  Roach  
  61  6:44  Overlord  
  61  6:46  Roach  
  64  6:52  Roach  
  66  6:54  Roach x2  
  66  6:55  Roach  
  66  6:56  Roach  
  66  6:59  Roach  
  66  7:00  Overseer  
  76  7:01  Overseer  
  76  7:03  Glial Reconstitution  
  76  7:05  Roach  
  78  7:11  Roach x2  
  78  7:14  Roach  
  84  7:17  Zergling x8  
  84  7:20  Queen  
  90  7:23  Overlord  
  90  7:27  Baneling  
  90  7:28  Baneling x3  
  90  7:29  Overlord  
  90  7:30  Overlord  
  90  7:33  Roach  
  90  7:34  Roach  
  90  7:36  Roach  
  91  7:40  Roach  
  91  7:42  Roach  
  84  7:45  Roach  
  84  7:48  Zergling x12  
  84  7:51  Roach  
  82  7:53  Roach  
  82  7:56  Roach  
  84  7:58  Roach  
  84  8:03  Roach  
  79  8:08  Zergling x8  
  76  8:14  Roach  
  71  8:20  Zergling x4  
  71  8:23  Roach  
  71  8:25  Zergling x4  
Tags
 
Add a new tag
Caveats
  • Supply blocks, unpowered buildings, or Contaminate may cause inaccurate times.
  • Supply counts are checked every 10 seconds.